 Dungeon Crawl Stone Soup version 0.29.0-13-gc9e81de378 (webtiles) character file.

Game seed: 11409624467482427301

24 ragingrage the Firebug (level 3, -1/26 HPs)
             Began as an Octopode Cinder Acolyte on Sept 7, 2022.
             Was a High Priest of Ignis.
             Slain by Robin
             ... wielding a +0 whip
              (2 damage)
             ... on level 2 of the Dungeon.
             The game lasted 00:01:07 (983 turns).

ragingrage the Firebug (Octopode Cinder Acolyte)     Turns: 983, Time: 00:01:07

Health: -1/26      AC:  1    Str: 13    XL:     3   Next: 2%
Magic:  6/6        EV: 12    Int: 18    God:    Ignis [*****.]
Gold:   97         SH:  0    Dex:  7    Spells: 4/6 levels left

rFire   + + .      SeeInvis .   f - staff of fire
rCold   . . .      Faith    .   (no shield)
rNeg    . . .      Spirit   .   (helmet restricted)
rPois   .          Reflect  .   (no amulet)
rElec   .          Harm     .   (no ring)
rCorr   .          Rampage  .   (no ring)
Will    .....                   (no ring)
Stlth   ++........              (no ring)
HPRegen 0.08/turn               (no ring)
MPRegen 0.10/turn               (no ring)
                                (no ring)
                                (no ring)

@: no status effects
A: almost no armour, amphibious, 8 rings, camouflage 1, gelatinous body 1,
(nimble swimmer 1), tentacles
a: Renounce Religion, Fiery Armour, Foxfire Swarm, Rising Flame


You were on level 2 of the Dungeon.
You worshipped Ignis.
Ignis was extremely pleased with you.
You visited 1 branch of the dungeon, and saw 2 of its levels.

You collected 97 gold pieces.

Inventory:

Hand Weapons
 a - a -1 spear of flaming
Magical Staves
 f - a staff of fire (weapon)
Jewellery
 g - a ring of see invisible
Scrolls
 b - a scroll of silence {unknown}
 d - a scroll of enchant armour {unknown}
 e - a scroll of enchant weapon {unknown}


   Skills:
 - Level 3.0 Fighting
 - Level 3.0 Polearms
 + Level 2.0 Spellcasting
 + Level 3.5 Fire Magic


You had 4 spell levels left.
You knew the following spells:

 Your Spells              Type           Power      Damage    Failure   Level
a - Scorch                Fire           44%        2d7       6%          2

Your spell library contained the following spells:

 Spells                   Type           Power      Damage    Failure   Level


Dungeon Overview and Level Annotations

Branches:
Dungeon (2/15)

Altars:

Annotations:
D:2 Robin


Innate Abilities, Weirdness & Mutations

You cannot wear most types of armour.
You are amphibious.
You can wear up to eight rings at the same time.
Your skin changes colour to match your surroundings (Stealth+).
Your rubbery body absorbs attacks. (AC +1, EV +1)
((You are camouflaged when in or above water. (Stealth+)))
You have tentacles for arms and can constrict up to eight enemies at once.


Message History

You closely miss the goblin. Your grab misses the goblin.
The goblin barely misses you.
You hit the goblin. You burn the goblin. Your grab misses the goblin.
You squeeze the goblin.
You kill the goblin!
You hit the goblin but do no damage. You grab the goblin.
You constrict the goblin.
The goblin hits you with a +4 dagger of protection.
You hit the goblin.
You kill the goblin!
Robin of the Strong Arm comes into view.
They are wielding a +0 whip.
Your Spellcasting skill increases to level 2!
You have reached level 3!
Your experience leads to an increase in your attributes!
Increase (S)trength, (I)ntelligence, or (D)exterity?
You feel clever. x2
You closely miss the goblin. Your grab misses the goblin.
The goblin hits you with a +0 club.
You closely miss the goblin. Your grab misses the goblin.
You tentacle-slap the goblin. Your squeeze misses the goblin.
The goblin is severely wounded.
The goblin hits you with a +0 club.
Robin says, "Bow before me, strongest of all the hobgoblins!"
Robin roars a battlecry!
The goblin goes into a battle-frenzy!
You hear a shout!
You closely miss the goblin. Your grab misses the goblin.
The goblin is severely wounded.
The goblin closely misses you. Robin hits you with a +0 whip.
The goblin hits you with a +0 club.
* * * LOW HITPOINT WARNING * * *
You barely miss the goblin. Your grab misses the goblin.
The goblin is severely wounded.
Robin says, "My army is invincible!"
Robin hits you with a +0 whip.
* * * LOW HITPOINT WARNING * * *
The goblin closely misses you.
It was a potion of magic.
Magic courses through your body. Robin hits you with a +0 whip.
You die...

#.............# .......g..
#.............# ...........
..............# .........g..
..............# ...........
..............# ..........#
#.............# ..........#
#.............#
..........#########.............#
...............g@g..............#
...........########.............#
...........# .........<.#'##
...........#. #########..#.#
...........#.## ########..#.#
##########.#... ..........#.#
#.#..##############.#.#
#.#..#..............#.#
#.#..#.##############.#


You could see Robin and a goblin (strong).

Vanquished Creatures
  2 dart slugs (D:1)
  2 endoplasms
  A giant cockroach (D:1)
  2 goblins (D:2)
  3 hobgoblins
  A ball python (D:1)
  A bat (D:1)
  2 frilled lizards
  3 kobolds (D:1)
  2 rats (D:1)
19 creatures vanquished.

Notes
Turn   | Place    | Note
-------+----------+-------------------------------------------
     0 | D:1      | ragingrage the Octopode Cinder Acolyte began the quest for
                  | the Orb.
     0 | D:1      | Reached XP level 1. HP: 16/16 MP: 2/2
   346 | D:1      | Reached XP level 2. HP: 21/21 MP: 4/4
   521 | D:1      | Found a faded altar of an unknown god.
   829 | D:1      | Learned a level 2 spell: Scorch
   978 | D:2      | Noticed Robin
   979 | D:2      | Reached XP level 3. HP: 16/26 MP: 1/6
   982 | D:2      | HP: 1/26 [Robin/+0 whip (5)]
   983 | D:2      | Slain by Robin

Illustrated notes

Levels and vault maps discovered:
D:1:      heliophobic_arrival_ceremonial_halls, layout_basic,
          dreamdust_ecumenical_altar_statues
D:2:      layout_basic, hangedman_decor_push, kennysheep_nondescript, uniq_robin

Skill      XL: |  1  2 |
---------------+-------+-----
Spellcasting   | 2 |  2.0
Fighting       | |  3.0
Polearms       | |  3.0
Fire Magic     | |  3.5

Action                   || total
-------------------------++-------
Melee: Spear             ||    33
       Constrict         ||     6
       Tentacles         ||     2
       Staff             ||    10
       Punch             ||     1
 Cast: Scorch            ||     3
  Use: Potion            ||     1
 Stab: Sleeping          ||     5
Armor: Skin              ||     1
Dodge: Dodged            ||    14
